 Dungeon Crawl Stone Soup version 0.32-a0-841-g4648e6c457 (webtiles) character file.

Game seed: 8246411728980784042

2165414 ragingrage the Ecstatic (level 27, 179/179 HPs)
             Began as a Kobold Shapeshifter on Mar 26, 2024.
             Was a Follower of Uskayaw.
             Escaped with the Orb
             ... and 4 runes on Mar 27, 2024!
             The game lasted 01:43:24 (76559 turns).

ragingrage the Ecstatic (Kobold Shapeshifter)      Turns: 76559, Time: 01:43:25

Health: 179/179    AC: 15    Str: 17    XL:     27
Magic:  39/39      EV: 38    Int: 18    God:    Uskayaw [*.....]
Gold:   4220       SH: 11    Dex: 25    Spells: 13/38 levels left

rFire   + . .        a - +7 quick blade (drain)
rCold   . . .        D - +3 buckler {rPois}
rNeg    + . .        F - melded +0 swamp dragon scales
rPois   +            v - +3 crown of Dyrovepreva {rElec Int+2 SInv}
rElec   +            G - +2 cloak {rCorr}
rCorr   +            w - +2 pair of gloves
SInv    +            k - +2 pair of slick slippers {slick, slippery, EV+4}
Will    +++..        T - amulet of faith
Stlth   +++          C - ring "Wivowk" {rF+ Str+4}
HPRegen 0.49/turn    N - ring of Hicuggy {rN+ Will+ AC+4 Int+3 Slay+2}
MPRegen 0.26/turn

%: faith
@: maw-form, studying Translocations
A: devouring maw, small, no large weapons, nightstalker 3
0: Orb of Zot
}: 4/15 runes: decaying, slimy, silver, gossamer
a: Begin Untransformation, Renounce Religion, Stomp


You escaped.
You worshipped Uskayaw.
Uskayaw was extremely pleased with you.
You were a creature with a mouth for a stomach.
You visited 11 branches of the dungeon, and saw 53 of its levels.
You visited 1 bazaar.
You also visited: Ossuary.

You collected 8981 gold pieces.
You spent 4761 gold pieces at shops.

Inventory:

Hand Weapons
 a - a +7 quick blade of draining (weapon)
 b - a +2 quick blade of electrocution
Missiles
 y - 5 curare-tipped darts (quivered)
 P - 5 throwing nets
Armour
 k - the +2 pair of slick slippers (worn) {slick, slippery, EV+4}
   (You found it on level 4 of the Spider Nest)

   Slick:     Its wearer cannot be constricted, engulfed, netted, webbed, or
   stopped by binding sigils.
   Slippery:  Its wearer slips away from damaging melee attacks, pulling the
   attacker onward.
   EV+4:      It affects your evasion (+4).
 v - the +3 crown of Dyrovepreva (worn) {rElec Int+2 SInv}
   (You bought it in a shop on level 14 of the Dungeon)

   Int+2:     It affects your intelligence (+2).
   rElec:     It insulates you from electricity.
   SInv:      It lets you see invisible.
 w - a +2 pair of gloves (worn)
 D - a +3 buckler of poison resistance (worn)
 F - +0 swamp dragon scales (melded)
 G - a +2 cloak of preservation (worn)
 Y - the +1 buckler of Quucliud {Will+ Regen+}
   (You acquired it on level 2 of the Dungeon)

   Will+:     It increases your willpower.
   Regen+:    It increases your rate of health regeneration.
Jewellery
 c - a +4 ring of protection
 C - the ring "Wivowk" (left hand) {rF+ Str+4}
   (You took it off an ironbound preserver on level 5 of the Vaults)

   [ring of protection from fire]

   Str+4:     It affects your strength (+4).
   rF+:       It protects you from fire.
 N - the ring of Hicuggy (right hand) {rN+ Will+ AC+4 Int+3 Slay+2}
   (You bought it in a shop on level 2 of the Orcish Mines)

   [ring of protection]

   AC+4:      It affects your AC (+4).
   Int+3:     It affects your intelligence (+3).
   Slay+2:    It affects your accuracy & damage with ranged weapons and melee
   (+2).
   rN+:       It protects you from negative energy.
   Will+:     It increases your willpower.
 T - an amulet of faith (around neck)
 W - a ring of protection from cold
Wands
 d - a wand of warping (47)
 o - a wand of charming (54)
 M - a wand of digging (20)
 O - a wand of quicksilver (35)
 U - a wand of polymorph (30)
Scrolls
 f - 16 scrolls of fear
 h - 6 scrolls of poison
 i - 6 scrolls of blinking
 r - 8 scrolls of vulnerability
 A - 11 scrolls of noise
 H - 8 scrolls of fog
 I - 21 scrolls of teleportation
 J - 8 scrolls of immolation
 K - 5 scrolls of silence
 L - 2 scrolls of butterflies
 S - 3 scrolls of revelation
 Z - 4 scrolls of enchant armour
Potions
 e - 3 potions of resistance
 g - 17 potions of curing
 j - 15 potions of heal wounds
 l - 13 potions of haste
 m - 5 potions of invisibility
 n - 18 potions of enlightenment
 p - 6 potions of cancellation
 q - 8 potions of brilliance
 s - 8 potions of magic
 t - 8 potions of attraction
 u - 5 potions of might
 x - 8 potions of ambrosia
 z - 10 potions of mutation
 B - 8 potions of berserk rage
 R - 5 potions of lignification
Miscellaneous
 E - a tin of tremorstones (2/2)
 Q - a lightning rod (4/4)
 V - a phantom mirror
 X - a sack of spiders


   Skills:
 - Level 20.0 Fighting
 - Level 21.2 Short Blades
 - Level 20.0 Dodging
 - Level 20.0 Stealth
 + Level 12.5 Shields
 - Level 5.8 Unarmed Combat
 - Level 6.0 Spellcasting
 - Level 15.0 Necromancy
 + Level 13.7 Translocations
 - Level 8.0 Air Magic
 - Level 24.0 Invocations
 - Level 16.0 Evocations
 - Level 15.0 Shapeshifting


You had 13 spell levels left.
You knew the following spells:

 Your Spells              Type           Power      Damage    Failure   Level
a - Fugue of the Fallen   Necr           56%        N/A       1%          3
b - Death Channel         Necr           28%        N/A       4%          6
c - Blink                 Tloc           100%       N/A       1%          2
d - Vhi's Electric Charg  Tloc/Air       88%        N/A       1%          4
e - Dispersal             Tloc           26%        N/A       8%          6
f - Passage of Golubria   Tloc           53%        N/A       1%          4

Your spell library contained the following spells:

 Spells                   Type           Power      Damage    Failure   Level
 Apportation              Tloc           100%       N/A       1%          1
 Kiss of Death            Conj/Necr      100%       2d13      1%          1
 Necrotise                Necr           100%       1d9       1%          1
 Lesser Beckoning         Tloc           100%       N/A       1%          2
 Momentum Strike          Conj/Tloc      60%        3d9       1%          2
 Sublimation of Blood     Necr           56%        N/A       1%          2
 Gell's Gravitas          Tloc           53%        N/A       1%          3
 Swiftness                Air            34%        N/A       1%          3
 Teleport Other           Tloc           53%        N/A       1%          3
 Vampiric Draining        Necr           56%        2d10      1%          3
 Animate Dead             Necr           56%        N/A       1%          4
 Dispel Undead            Necr           56%        3d20      1%          4
 Manifold Assault         Tloc           53%        N/A       1%          4
 Curse of Agony           Necr           56%        N/A       1%          5
 Shock                    Conj/Air       76%        1d7       2%          1
 Static Discharge         Conj/Air       38%        3-5/arc   4%          2
 Airstrike                Air            17%        2d(3-19)  4%          4
 Anguish                  Hex/Necr       16%        N/A       6%          4
 Martyr's Knell           Necr/Summ      32%        N/A       6%          4
 Magic Dart               Conj           20%        1d4       14%         1
 Sting                    Conj/Alch      20%        1d4       14%         1
 Summon Small Mammal      Summ           20%        N/A       14%         1
 Mephitic Cloud           Conj/Alch/Air  14%        N/A       14%         3
 Borgnjor's Vile Clutch   Necr/Erth      16%        N/A       17%         5
 Call Imp                 Summ           10%        N/A       21%         2
 Ensorcelled Hibernation  Hex/Ice        10%        N/A       21%         2
 Jinxbite                 Hex            10%        N/A       21%         2
 Searing Ray              Conj           10%        2d4       21%         2
 Summon Lightning Spire   Summ/Air       19%        N/A       26%         4
 Call Canine Familiar     Summ           5%         N/A       38%         3
 Confusing Touch          Hex            5%         N/A       38%         3
 Dazzling Flash           Conj/Hex       10%        N/A       38%         3
 Hailstorm                Conj/Ice       5%         3d5       38%         3
 Inner Flame              Hex/Fire       5%         N/A       38%         3
 Ozocubu's Armour         Ice            5%         N/A       38%         3
 Sigil of Binding         Hex            5%         N/A       38%         3
 Stone Arrow              Conj/Erth      10%        3d7       38%         3
 Summon Ice Beast         Ice/Summ       5%         N/A       38%         3
 Tukima's Dance           Hex            5%         N/A       38%         3
 Arcjolt                  Conj/Air       9%         1d19      58%         5
 Silence                  Hex/Air        9%         N/A       58%         5
 Animate Armour           Summ/Erth      10%        N/A       80%         4
 Brom's Barrelling Bould  Conj/Erth      5%         2d3       80%         4
 Cause Fear               Hex            2%         N/A       80%         4
 Flame Wave               Conj/Fire      5%         2d5       80%         4
 Leda's Liquefaction      Alch/Erth      2%         N/A       80%         4
 Petrify                  Alch/Erth      5%         N/A       80%         4
 Sticky Flame             Fire/Alch      5%         2d4       80%         4
 Summon Blazeheart Golem  Fire/Summ      5%         N/A       80%         4
 Infestation              Necr           28%        N/A       88%         8
 Disjunction              Tloc           26%        N/A       97%         8
 Alistair's Intoxication  Alch           3%         N/A       98%         5
 Fireball                 Conj/Fire      2%         3d4       98%         5
 Lee's Rapid Deconstruct  Erth           2%         3d5*      98%         5
 Metabolic Englaciation   Hex/Ice        2%         N/A       98%         5
 Summon Mana Viper        Hex/Summ       5%         N/A       98%         5
 Yara's Violent Unravell  Hex/Alch       2%         3d3       98%         5
 Conjure Ball Lightning   Conj/Air       9%         3x3d6     99%         6
 Plasma Beam              Fire/Air       9%         2x1d20    99%         6
 Haunt                    Necr/Summ      16%        N/A       99%         7
 Permafrost Eruption      Ice/Erth       2%         2x4d2     100%        6
 Sculpt Simulacrum        Ice/Alch       2%         N/A       100%        6
 Monstrous Menagerie      Summ           2%         N/A       100%        7
 Ozocubu's Refrigeration  Ice            2%         4d8       100%        7
 Summon Hydra             Summ           2%         N/A       100%        7
 Discord                  Hex            2%         N/A       100%        8
 Lehudib's Crystal Spear  Conj/Erth      2%         10d2      100%        8
 Maxwell's Capacitive Co  Air            17%        ∞         100%        8
 Dragon's Call            Summ           2%         N/A       100%        9


Dungeon Overview and Level Annotations

Branches:
Dungeon (15/15)            Temple (1/1) D:5            Lair (5/5) D:8
  Swamp (4/4) Lair:3       Spider (4/4) Lair:2        Slime (5/5) Lair:4
    Orc (2/2) D:11            Elf (3/3) Orc:2        Vaults (5/5) D:14
  Crypt (0/3) Vaults:3     Depths (4/4) D:15            Zot (5/5) Depths:4
Ossuary (visited)

Altars:
Ashenzari
Cheibriados
Dithmenos
Elyvilon
Fedhas
Gozag
Hepliaklqana
Kikubaaqudgha
Makhleb
Nemelex Xobeh
Okawaru
Qazlal
Ru
Sif Muna
Trog
Uskayaw
Vehumet
Wu Jian
Xom
Yredelemnul
Zin
The Shining One
Jiyva

Shops:
D:2 ?   D:14 *!:=   Orc:2 [=[:*   Elf:1 ![!=*   Elf:2 =:=   Elf:3 [
Vaults:1 [*   Vaults:2 (=[[   Vaults:5 *   Depths:3 =

Portals:
Hell: Depths:1 Depths:2 Depths:3 Depths:4
Abyss: Depths:2 Depths:3
Pandemonium: Depths:2
Ziggurat: Depths:1

Annotations:
D:7 1 runed translucent door, Crazy Yiuf
Vaults:2 2 transporters
Depths:2 2 transporters, Rudyous's ghost, veteran DsCj
Zot:4 2 transporters


Innate Abilities, Weirdness & Mutations

You are a creature with a mouth for a stomach.
Your midsection houses a second, enormous mouth.
You are small and have problems with some larger weapons.
You are completely attuned to the shadows.


Message History

You bite the sun demon.
You barely miss the sun demon. x2; You block the sun demon's attack.
You closely miss the sun demon. Your bite misses the sun demon.
You barely miss the sun demon. The sun demon completely misses you.
You hit the sun demon. Your bite misses the sun demon.
You hit the sun demon but do no damage. You bite the sun demon!
You block the sun demon's attack.
You puncture the sun demon! You hit the sun demon. You bite the sun demon.
You hit the sun demon.
You bite the sun demon, but do no damage.
You barely miss the sun demon. The sun demon completely misses you.
You hit the sun demon. You bite the sun demon.
You hit the sun demon but do no damage. You bite the sun demon!
Uskayaw will force your foes to helplessly watch your dance.
Uskayaw prepares the audience for your solo!
The helpless sun demon fails to defend itself.
You stick the sun demon like a pincushion!!!!!
You kill the sun demon!
The helpless balrug fails to defend itself.
You spit the balrug like a pig!!!!!
You kill the balrug!
Uskayaw will force your foes to share their pain.
You see here a +0 demon whip.
The helpless sun demon fails to defend itself.
You skewer the sun demon like a kebab!!!!!
You kill the sun demon!
No target in view!
(D) Dungeon (T) Temple (L) Lair (S) Swamp (N) Spider Nest (M) Slime Pits (O) Orcish Mines (E) Elven Halls (V) Vaults (C) Crypt (U) Depths (H) Hell (Z) Zot
Where to? (Tab/Enter - D:1 @ (x,y), ? - help)
There is a stone staircase leading up here.
You climb upwards.
There is a stone staircase leading down here.
There is a stone staircase leading up here.
You climb upwards.
There is a stone staircase leading down here.
There is a staircase leading out of the dungeon here.
You have escaped!

#.# #)# ######## #.#
###
######......###.####..
#..##..##.............
#..##..##.......####..
###..##..##.....# ###
###..##..##.....#
#..##W.##.......##
#..##..##..##....#
###..##..#######.#
###..##..### #.#
#..##..##..# #.#
#..##..##..# #.#
##...###########.#####
###..................
#############.####.


There were no monsters in sight!

Vanquished Creatures
  Dissolution (Slime:3)
  the Royal Jelly (Slime:5)
  A dread lich (Zot:5)
  3 ancient liches (Zot:5)
  3 orbs of fire (Zot:5)
  Boris (Vaults:3)
  5 Killer Klowns (Zot:5)
  Bai Suzhen (Vaults:5)
  Parghit (Depths:4)
  A curse toe (Zot:3)
  Nikola (Vaults:1)
  10 golden dragons
  Norris (Depths:3)
  the Enchantress (Depths:2)
  A bone dragon (Depths:3)
  An iron giant (Depths:3)
  3 electric golems
  Rupert (Lair:5)
  The ghost of Epirepp the Wrestler, an adept DrSh of Wu Jian (Vaults:4)
  19 tentacled monstrosities
  Jorgrun (Swamp:3)
  Zenata (Vaults:3)
  A walking crystal tome (Depths:3)
  A deep elf blademaster (Elf:3)
  A lich (Vaults:3)
  7 quicksilver dragons
  26 Orb Guardians
  A walking earthen tome (Depths:3)
  2 deep elf master archers (Elf:3)
  Frances (Swamp:1)
  5 sphinxes
  18 acid blobs
  A titan (Vaults:5)
  12 death cobs
  6 thorn hunters
  4 tengu reavers
  An ancient champion (Depths:3)
  11 storm dragons
  7 shadow dragons
  Donald (Vaults:3)
  3 protean progenitors
  9 rockslimes
  6 azure jellies
  8 draconian monks
  9 fire giants
  2 draconian knights
  3 draconian shifters
  8 deep elf sorcerers
  4 iron dragons
  5 ghost moths
  Louise (Swamp:3)
  2 draconian scorchers
  17 vault wardens
  6 emperor scorpions
  6 frost giants
  2 balrugs
  5 spriggan defenders (Depths:2)
  A curse skull (Vaults:3)
  3 deep elf elementalists (Elf:3)
  6 very ugly things
  11 quicksilver oozes
  17 ironbound preservers
  6 formless jellyfish
  6 ironbound thunderhulks
  A cacodemon (Zot:3)
  3 draconian annihilators
  A demonspawn corrupter (Zot:3)
  10 stone giants
  A vampire knight (Depths:2)
  6 deep elf demonologists
  A lorocyproca (Depths:3)
  7 deep elf death magi (Elf:3)
  12 black draconians
  4 spark wasps
  7 yellow draconians
  8 eleionomae
  Azrael (Orc:2)
  13 green draconians
  4 deep elf annihilators
  10 purple draconians
  12 red draconians
  A war gargoyle (Vaults:5)
  2 bunyips
  11 dire elephants
  17 white draconians
  The ghost of Kot Teycw the Grappler, a journeyman DrSh of Ru (Orc:1)
  11 ettins
  A green death (Depths:2)
  Snorg (D:14)
  8 fire dragons
  An eidolon (Vaults:3)
  The ghost of Moumn the Contemplative, a journeyman NaIE of Cheibriados (D:12)
  A shambling mangrove (Swamp:4)
  15 yaktaur captains
  5 jiangshi
  8 deep elf high priests
  An entropy weaver (shapeshifter) (D:12)
  4 entropy weavers
  Erolcha (D:11)
  4 alligators
  7 great orbs of eyes
  2 rakshasas (D:15)
  32 vault guards
  A catoblepas (D:12)
  16 hydras
  A radroach (Spider:3)
  A hell beast (Depths:3)
  6 boulder beetles
  Harold (D:9)
  2 ogre magi
  A jorogumo (Spider:1)
  4 spriggan air magi
  14 centaur warriors
  10 ironbound frosthearts
  An anaconda (shapeshifter) (Vaults:5)
  A two-headed ogre (shapeshifter) (Depths:4)
  28 dancing weapons
  Erica (D:11)
  12 ice dragons
  The ghost of zenocrate the Martial Artist, a journeyman OpEE of Gozag (Lair:1)
  6 two-headed ogres
  A tengu warrior (D:15)
  6 deep troll earth magi
  11 deep troll shamans
  2 demonic crawlers
  3 occultists
  A hell hog (Lair:5)
  3 vampire magi
  3 orc high priests (Orc:2)
  Nergalle (D:12)
  6 spriggan berserkers
  Urug (D:13)
  16 deep elf knights
  4 skysharks
  11 spriggans
  11 hell knights
  4 sun demons
  12 iron trolls
  A sixfirhy (D:8)
  A fire crab (Lair:5)
  A pharaoh ant (Spider:3)
  Lodul (D:11)
  6 death drakes
  A mana viper (Zot:5)
  2 goliath frogs
  A skeletal warrior (D:10)
  43 deep trolls
  2 flayed ghosts
  An orange crystal statue (Swamp:2)
  7 orb spiders
  5 bog bodies
  4 spriggan druids
  3 thermic dynamos (Elf:1)
  11 swamp dragons
  8 deep elf archers
  16 ironbound convokers
  3 glowing orange brains
  A spriggan simulacrum (Spider:2)
  A lindwurm (shapeshifter) (Depths:3)
  4 phantasmal warriors
  12 steelbarb worms
  8 arcanists
  14 deep elf zephyrmancers
  12 lindwurms
  26 deep elf pyromancers
  4 harpies
  5 necromancers
  An obsidian bat (Orc:2)
  9 orc knights
  5 orc sorcerers
  11 wolf spiders
  7 cyclopes
  A will-o-the-wisp (D:15)
  2 shining eyes
  34 ugly things
  4 manticores
  A faun (shapeshifter) (Depths:1)
  17 moths of wrath
  3 black mambas
  9 elephants
  A rust devil (Depths:2)
  A kobold blastminer (Orc:2)
  2 eyes of devastation (Slime:5)
  10 vault sentinels
  An eye of devastation (shapeshifter) (Vaults:5)
  6 torpor snails
  A meliai (D:12)
  13 cane toads
  A hellion (Depths:2)
  2 kobold demonologists
  3 rime drakes
  An unseen horror (D:12)
  3 freezing wraiths
  7 komodo dragons
  A komodo dragon (shapeshifter) (Vaults:5)
  3 tengu conjurers
  28 yaktaurs
  An efreet (D:12)
  A queen bee (D:12)
  12 tarantellas
  11 tyrant leeches
  6 raiju (Lair:5)
  16 hornets
  13 polar bears
  7 trolls
  5 glass eyes
  A glass eye (shapeshifter) (D:15)
  A dream sheep (Lair:2)
  16 blink frogs
  20 culicivoras
  16 jumping spiders
  4 water elementals
  3 wyverns (D:10)
  2 shadows
  5 air elementals
  78 slime creatures
  A centaur simulacrum (D:12)
  67 yaks
  2 dire elephant simulacra (Spider:2)
  8 steam dragons
  6 wraiths
  7 basilisks
  10 golden eyes
  A golden eye (shapeshifter) (Vaults:5)
  Grum (D:10)
  6 wargs
  2 fire elementals (Elf:1)
  A minotaur simulacrum (Spider:2)
  40 redbacks
  12 vampire mosquitoes
  4 acid dragons
  11 swamp worms
  17 orc warriors
  14 water moccasins
  14 hell hounds
  13 black bears
  An ice beast (Vaults:2)
  3 sky beasts
  4 laughing skulls
  15 ogres
  7 swamp drakes
  8 boggarts
  24 wolves
  4 centaurs
  2 kobold brigands
  An elf zombie (D:7)
  15 bullfrogs
  A gnoll sergeant (D:6)
  A scorpion (D:3)
  3 earth elementals
  2 deep troll simulacra (Spider:2)
  9 wights
  21 killer bees
  2 lindwurm simulacra (Spider:2)
  3 howler monkeys
  3 electric eels
  3 hounds
  2 bombardier beetles (D:6)
  4 human zombies
  3 jellies (D:6)
  A gnoll bouda (D:5)
  17 orc priests
  A human skeleton (D:7)
  6 iguanas
  23 orc wizards
  A hound zombie (Ossuary)
  4 mummies (Ossuary)
  5 adders
  14 gnolls
  2 shadow imps
  4 white imps
  A howler monkey simulacrum (D:9)
  2 ufetubi (D:6)
  An adder zombie (Ossuary)
  2 dart slugs (D:1)
  3 ribbon worms
  58 orcs
  12 ball pythons
  8 bats
  5 endoplasms
  A giant cockroach (D:2)
  A gnoll zombie (Ossuary)
  5 hobgoblins
  4 jackals (D:1)
  15 kobolds
  4 quokkas
  4 frilled lizards
  7 goblins
  A hobgoblin zombie (Ossuary)
  2 jackal zombies (Ossuary)
  2 kobold zombies (Ossuary)
  An orc zombie (D:7)
  4 rats
  3 rat zombies (Ossuary)
  4 aspiring fleshes
  A butterfly (Lair:4)
1967 creatures vanquished.

Vanquished Creatures (collateral kills)
  Mennas (Vaults:5)
  A golden dragon (Vaults:5)
  A sphinx (Vaults:5)
  4 acid blobs (Slime:5)
  A tengu reaver (Vaults:3)
  2 draconian monks
  An azure jelly (Slime:5)
  A protean progenitor (Zot:3)
  2 vault wardens (Vaults:5)
  An iron dragon (Depths:4)
  A frost giant (Depths:1)
  A draconian stormcaller (Zot:1)
  2 ironbound preservers
  2 quicksilver oozes (Slime:5)
  2 ironbound thunderhulks
  2 formless jellyfish
  2 vampire knights (Depths:4)
  A deep elf annihilator (Elf:3)
  A deep elf demonologist (Elf:3)
  2 spark wasps (Depths:4)
  A yellow draconian (Zot:2)
  A red draconian (Zot:1)
  A dire elephant (Vaults:2)
  An ettin (Vaults:5)
  A fire dragon (Depths:2)
  2 vault guards
  A great orb of eyes (Slime:5)
  2 entropy weavers
  A yaktaur captain (Vaults:3)
  A tengu warrior (Depths:1)
  4 deep troll shamans
  5 deep troll earth magi
  A spriggan berserker (Depths:2)
  A death drake (Swamp:2)
  2 iron trolls
  10 deep trolls
  3 ironbound convokers (Vaults:3)
  An ugly thing (Depths:1)
  A deep elf pyromancer (Elf:3)
  2 wolf spiders (Spider:1)
  An orc knight (Vaults:5)
  An orc sorcerer (Vaults:5)
  2 shining eyes
  A vault sentinel (Vaults:1)
  3 komodo dragons (Zot:3)
  A yaktaur (Vaults:2)
  A hornet (Depths:3)
  15 slime creatures
  A spriggan (Depths:3)
  A water elemental (Depths:1)
  A fire elemental (Orc:2)
  7 golden eyes
  A hell hound (Orc:2)
  2 orc warriors (Vaults:5)
  2 aspiring fleshes (Zot:5)
113 creatures vanquished.

Vanquished Creatures (others)
  A quicksilver dragon (Depths:4)
  An emperor scorpion (Spider:4)
  A vault warden (Vaults:3)
  A deep elf elementalist (Elf:3)
  A stone giant (Depths:3)
  A spark wasp (Spider:2)
  A radroach (Spider:4)
  A steelbarb worm (Spider:4)
  An arcanist (D:3)
  5 dream sheep (D:4)
  A redback (Spider:3)
  A centaur (D:10)
  An iguana (Lair:5)
  3 orcs
  6 foxfires (D:15)
26 creatures vanquished.

Grand Total: 2106 creatures vanquished

Notes
Turn   | Place    | Note
-------+----------+-------------------------------------------
     0 | D:1      | ragingrage the Kobold Shapeshifter began the quest for the
                  | Orb.
     0 | D:1      | Reached XP level 1. HP: 12/12 MP: 1/1
   125 | D:1      | Reached XP level 2. HP: 16/16 MP: 2/2
   148 | D:1      | Reached skill level 1 in Stealth
   423 | D:1      | Reached XP level 3. HP: 20/20 MP: 3/3
  1041 | D:1      | HP: 1/20 [constriction (2)]
  1556 | D:2      | Reached XP level 4. HP: 23/25 MP: 4/4
  1685 | D:2      | Found The Oracle's Delphic Readings.
  1703 | D:2      | Bought a scroll of teleportation for 42 gold pieces
  2178 | D:3      | Found a bloodstained altar of Trog.
  2181 | D:3      | Noticed a wizard
  2194 | D:3      | Killed a wizard
  2796 | D:3      | Noticed a scorpion
  2816 | D:3      | Killed a scorpion
  2817 | D:3      | Reached XP level 5. HP: 29/29 MP: 5/5
  3579 | D:4      | Reached skill level 5 in Unarmed Combat
  3617 | D:4      | Reached XP level 6. HP: 22/34 MP: 6/6
  4339 | D:4      | Identified the +8 short sword of Destiny {drain, rElec}
  4504 | D:4      | Noticed a dream sheep
  4504 | D:4      | Noticed a dream sheep
  4504 | D:4      | Noticed a dream sheep
  4504 | D:4      | Noticed a dream sheep
  4504 | D:4      | Noticed a dream sheep
  4504 | D:4      | Found a shimmering altar of Xom.
  4507 | D:4      | Killed a dream sheep
  4507 | D:4      | Killed a dream sheep
  4507 | D:4      | Killed a dream sheep
  4507 | D:4      | Killed a dream sheep
  4507 | D:4      | Killed a dream sheep
  4775 | D:5      | Entered Level 5 of the Dungeon
  4838 | D:5      | Reached skill level 1 in Short Blades
  5011 | D:5      | Reached XP level 7. HP: 33/38 MP: 7/7
  5188 | D:5      | Found a staircase to the Ecumenical Temple.
  5194 | Temple   | Entered the Ecumenical Temple
  5223 | Temple   | Became a worshipper of Uskayaw the Reveller
  5388 | D:5      | Reached * piety under Uskayaw
  5395 | D:5      | Reached ** piety under Uskayaw
  5632 | D:5      | Reached *** piety under Uskayaw
  5634 | D:5      | Reached skill level 5 in Short Blades
  5634 | D:5      | Reached **** piety under Uskayaw
  5804 | D:5      | Found an opulent altar of Gozag.
  6093 | D:5      | Reached XP level 8. HP: 37/43 MP: 8/8
  6713 | D:6      | Reached skill level 10 in Short Blades
  6801 | D:6      | Found a sacrificial altar of Ru.
  6801 | D:6      | Found a burning altar of Makhleb.
  6813 | D:6      | Reached skill level 1 in Evocations
  7049 | D:6      | Reached skill level 1 in Invocations
  7079 | D:6      | Found a snail-covered altar of Cheibriados.
  7097 | D:6      | Found a stormy altar of Qazlal.
  7306 | D:6      | HP: 2/44 [burnt (3)]
  7776 | D:6      | Reached XP level 9. HP: 48/48 MP: 9/9
  7858 | D:6      | Found a snail-covered altar of Cheibriados.
  7876 | D:6      | Found a stormy altar of Qazlal.
  8233 | D:6      | Found a sacrificial altar of Ru.
  8233 | D:6      | Found a burning altar of Makhleb.
  8589 | D:7      | Reached skill level 2 in Invocations
  8683 | D:7      | Found a sand-covered staircase.
  8694 | Ossuary  | Entered an ossuary
  8938 | D:7      | Reached skill level 5 in Stealth
  9004 | D:7      | Reached skill level 3 in Invocations
  9243 | D:7      | Found a runed translucent door.
  9246 | D:7      | Noticed Crazy Yiuf
  9629 | D:8      | Reached skill level 5 in Dodging
  9631 | D:8      | Reached ***** piety under Uskayaw
  9632 | D:8      | Reached skill level 4 in Invocations
  9869 | D:8      | Reached XP level 10. HP: 49/58 MP: 9/13
 10189 | D:8      | Reached skill level 5 in Fighting
 10189 | D:8      | Reached skill level 5 in Invocations
 10211 | D:8      | Found a runed translucent door.
 10211 | D:8      | Noticed a sixfirhy
 10237 | D:8      | Found a staircase to the Lair.
 10352 | D:8      | Reached skill level 6 in Invocations
 11057 | D:9      | Noticed Harold
 11086 | D:9      | Reached skill level 7 in Invocations
 11116 | D:9      | Noticed a two-headed ogre
 11125 | D:9      | Killed a two-headed ogre
 11133 | D:9      | Reached XP level 11. HP: 63/63 MP: 16/16
 11362 | D:9      | Identified the +0 long sword of Enuseabe {drain, Will-
                  | Str+9}
 11444 | D:9      | Reached skill level 8 in Invocations
 11538 | D:9      | Noticed a two-headed ogre
 11547 | D:9      | Killed a two-headed ogre
 11966 | D:10     | Entered Level 10 of the Dungeon
 12072 | D:10     | Noticed Grum
 12088 | D:10     | Killed Grum
 12194 | D:10     | Reached skill level 5 in Evocations
 12200 | D:10     | Reached skill level 10 in Dodging
 12289 | D:10     | Noticed a deep elf pyromancer
 12293 | D:10     | Killed a deep elf pyromancer
 12294 | D:10     | Reached skill level 9 in Invocations
 12294 | D:10     | Noticed a deep elf pyromancer
 12296 | D:10     | Noticed an orc sorcerer
 12300 | D:10     | Killed an orc sorcerer
 12301 | D:10     | Killed a deep elf pyromancer
 12447 | D:10     | Noticed a six-headed hydra
 12578 | D:10     | Found a hazy altar of Hepliaklqana.
 12675 | D:10     | Noticed a purple ugly thing
 12692 | D:10     | Killed a purple ugly thing
 12778 | D:10     | Reached skill level 10 in Invocations
 12778 | D:10     | Reached XP level 12. HP: 70/73 MP: 19/19
 12843 | Lair:1   | Entered Level 1 of the Lair of Beasts
 13276 | Lair:1   | Found a runed translucent gate.
 13277 | Lair:1   | Found a runed translucent gate.
 13279 | Lair:1   | Found a runed translucent gate.
 13329 | Lair:1   | You fall into a shaft and drop 1 floor!
 13603 | Lair:1   | Noticed a boulder beetle
 13624 | Lair:1   | Killed a boulder beetle
 14044 | Lair:2   | Reached skill level 10 in Fighting
 14207 | Lair:2   | Reached skill level 5 in Shapeshifting
 14216 | Lair:2   | Noticed a skyshark
 14235 | Lair:2   | Killed a skyshark
 14428 | Lair:2   | Found a hole to the Spider Nest.
 14695 | Lair:2   | Reached ****** piety under Uskayaw
 14886 | Lair:2   | Noticed an eight-headed hydra
 14890 | Lair:2   | Killed an eight-headed hydra
 14891 | Lair:2   | Reached XP level 13. HP: 5/84 MP: 1/20
 14891 | Lair:2   | HP: 2/84 [poisoned by a black mamba]
 14891 | Lair:2   | Noticed an eight-headed hydra
 16009 | Lair:3   | Found a staircase to the Swamp.
 16009 | Lair:3   | Noticed an eleionoma
 16019 | Lair:3   | Killed an eleionoma
 16640 | Lair:4   | Identified the +0 leather armour of the Doomed Wumpus {rN++
                  | Str+3}
 16876 | Lair:4   | Reached skill level 10 in Shapeshifting
 17134 | Lair:4   | Found a staircase to the Slime Pits.
 17135 | Lair:4   | Found a viscous altar of Jiyva.
 17839 | Lair:5   | Entered Level 5 of the Lair of Beasts
 17910 | Lair:5   | Noticed Rupert
 17918 | Lair:5   | Killed Rupert
 17919 | Lair:5   | Reached XP level 14. HP: 90/90 MP: 19/21
 20431 | D:10     | Reached skill level 10 in Stealth
 20711 | D:2      | Bought a scroll of acquirement for 728 gold pieces
 20711 | D:2      | Acquired the +1 buckler of Quucliud {Will+ Regen+}
 21058 | D:9      | Killed Harold
 21170 | D:10     | Found a glowing golden altar of the Shining One.
 21197 | D:10     | Reached skill level 1 in Shields
 21197 | D:10     | Reached XP level 15. HP: 97/97 MP: 20/22
 21197 | D:10     | Identified the +8 glaive "Tyeppud" {flame, rElec rF- rC+
                  | rCorr}
 21276 | D:10     | Found a sparkling altar of Nemelex Xobeh.
 21446 | D:10     | Identified the +8 dagger of Bekkoo {heavy, Fly Int-5 Dex+7}
 21961 | D:11     | Noticed Erolcha
 21970 | D:11     | Killed Erolcha
 21971 | D:11     | Found a shadowy altar of Dithmenos.
 22109 | D:11     | Noticed Lodul
 22349 | D:11     | Killed Lodul
 22709 | D:11     | Noticed Erica
 22713 | D:11     | Killed Erica
 22812 | D:11     | Found a staircase to the Orcish Mines.
 23264 | Orc:1    | Entered Level 1 of the Orcish Mines
 23359 | Orc:1    | Found Haqos's Antique Armour Boutique.
 23446 | Orc:1    | Found a runed translucent door.
 23769 | Orc:1    | Noticed Kot Teycw's ghost (journeyman DrSh)
 23778 | Orc:1    | Killed Kot Teycw's ghost
 23788 | Orc:1    | Identified the +6 shortbow of the Teaching Asp {heavy, rF+
                  | Str+3}
 23814 | Orc:2    | Entered Level 2 of the Orcish Mines
 24118 | Orc:2    | Found a staircase to the Elven Halls.
 24139 | Orc:2    | Noticed Azrael
 24161 | Orc:2    | Killed Azrael
 24424 | Orc:2    | Found Udesuagg's Antique Armour Shop.
 24429 | Orc:2    | Bought a runed helmet for 225 gold pieces
 25715 | Orc:2    | Found Facvalumosh's General Store.
 25717 | Orc:2    | Found Jomat's Antique Armour Emporium.
 25717 | Orc:2    | Found Eloiry's Jewellery Boutique.
 25717 | Orc:2    | Found Daygava's Book Boutique.
 25730 | Orc:2    | Bought the ring of Hicuggy {rN+ Will+ AC+4 Int+3 Slay+2}
                  | for 945 gold pieces
 25739 | Orc:2    | Bought a potion of ambrosia for 96 gold pieces
 25898 | D:12     | Found a transporter.
 25899 | D:12     | Found a transporter.
 25900 | D:12     | Noticed Moumn's ghost (journeyman NaIE)
 26040 | D:12     | Noticed Nergalle
 26053 | D:12     | Killed Nergalle
 26507 | D:12     | Noticed a fire giant
 26507 | D:12     | Noticed a sphinx
 26540 | D:12     | Killed a fire giant
 26560 | D:12     | Killed a sphinx
 26564 | D:12     | Reached XP level 16. HP: 96/104 MP: 10/23
 26579 | D:12     | Noticed a tengu reaver
 26600 | D:12     | Killed a tengu reaver
 26805 | D:12     | Found the +5 glaive of the Guard {elec, spectral}
 27275 | D:13     | Noticed Urug
 27277 | D:13     | Reached skill level 15 in Dodging
 27282 | D:13     | Killed Urug
 27532 | D:14     | Found Fuofoop's Book Emporium.
 27541 | D:14     | Learned a level 3 spell: Fugue of the Fallen
 27566 | D:14     | Found Paupni Riat's Jewellery Boutique.
 27699 | D:14     | Noticed Snorg
 27702 | D:14     | Found Toppi's Distillery.
 27703 | D:14     | Killed Snorg
 27708 | D:14     | Bought 2 potions of heal wounds for 120 gold pieces
 27708 | D:14     | Bought a potion of haste for 120 gold pieces
 27708 | D:14     | Bought a potion of invisibility for 96 gold pieces
 27708 | D:14     | Bought a potion of cancellation for 96 gold pieces
 27811 | D:14     | Reached skill level 1 in Necromancy
 28042 | D:14     | You fall into a shaft and drop 1 floor!
 28042 | D:15     | Entered Level 15 of the Dungeon
 28378 | D:15     | Identified the ring "Bouc" {rElec rN+ rCorr}
 28399 | D:15     | Acquired a manual of Invocations
 28484 | D:14     | Reached skill level 10 in Evocations
 28518 | D:14     | Found Zotzunt's General Store.
 28634 | D:14     | Found a burning altar of Makhleb.
 29034 | D:14     | Found a gate to the Vaults.
 29669 | D:15     | Found a staircase to the Depths.
 30028 | Swamp:1  | Entered Level 1 of the Swamp
 30044 | Swamp:1  | Reached skill level 11 in Invocations
 30244 | Swamp:1  | Noticed Frances
 30248 | Swamp:1  | Killed Frances
 30898 | Swamp:2  | Reached XP level 17. HP: 107/112 MP: 23/25
 31099 | Swamp:2  | Reached skill level 12 in Invocations
 31121 | Swamp:2  | Noticed a tentacled monstrosity
 31129 | Swamp:2  | Noticed a thorn hunter
 31171 | Swamp:2  | Noticed a tentacled monstrosity
 31173 | Swamp:2  | Found a transporter.
 31174 | Swamp:2  | Noticed a thorn hunter
 31198 | Swamp:2  | Noticed a thorn hunter
 31251 | Swamp:2  | Found a transporter.
 31434 | Swamp:2  | Reached skill level 13 in Invocations
 31937 | Swamp:3  | Reached skill level 14 in Invocations
 32146 | Swamp:3  | Noticed Louise
 32430 | Swamp:3  | Noticed a thorn hunter
 32444 | Swamp:3  | Killed a thorn hunter
 32445 | Swamp:3  | Reached skill level 15 in Invocations
 32488 | Swamp:3  | Killed Louise
 32645 | Swamp:3  | Noticed Jorgrun
 32847 | Swamp:3  | Killed Jorgrun
 32848 | Swamp:3  | Reached skill level 5 in Necromancy
 33228 | Swamp:4  | Entered Level 4 of the Swamp
 33246 | Swamp:4  | Reached skill level 16 in Invocations
 33332 | Swamp:4  | Noticed a thorn hunter
 33343 | Swamp:4  | Killed a thorn hunter
 33903 | Swamp:4  | Noticed a thorn hunter
 33914 | Swamp:4  | Killed a thorn hunter
 34088 | Swamp:4  | Got a decaying rune of Zot
 34159 | Swamp:4  | Reached skill level 17 in Invocations
 34707 | D:14     | Bought the +3 crown of Dyrovepreva {rElec Int+2 SInv} for
                  | 621 gold pieces
 34707 | D:14     | Found the +3 crown of Dyrovepreva {rElec Int+2 SInv}
 34994 | Spider:1 | Entered Level 1 of the Spider Nest
 35050 | Spider:1 | Reached XP level 18. HP: 116/118 MP: 28/30
 35443 | Spider:2 | Reached skill level 15 in Fighting
 35971 | Spider:2 | Found a glacial archway.
 37322 | Spider:3 | Reached skill level 5 in Shields
 37598 | Spider:4 | Entered Level 4 of the Spider Nest
 38388 | Spider:4 | Found the +2 pair of slick slippers {slick, slippery, EV+4}
 38445 | Spider:4 | Reached XP level 19. HP: 39/124 MP: 0/31
 38625 | Spider:4 | Got a gossamer rune of Zot
 39206 | Elf:1    | Entered Level 1 of the Elven Halls
 39489 | Elf:1    | Got the Almanac of Impulse
 39788 | Elf:1    | Found Fora's Distillery.
 39791 | Elf:1    | Found Ynarac's Assorted Antiques.
 39791 | Elf:1    | Found Afiff's Armour Boutique.
 39794 | Elf:1    | Found Fatie's Jewellery Shop.
 39797 | Elf:1    | Bought a scroll labelled YHI IZEWIA for 34 gold pieces
 39802 | Elf:1    | Identified the +6 long sword of Wiusyst {holy, rC+++ Str-5}
 40007 | Elf:1    | Reached skill level 15 in Evocations
 40093 | Elf:1    | Found Vudeawed's Distillery.
 40741 | Elf:2    | Found Kadyurox's Jewellery Emporium.
 40741 | Elf:2    | Found Lonnicea's Jewellery Emporium.
 40742 | Elf:2    | Found Vippush's Book Boutique.
 40872 | Elf:2    | Found a runed translucent gate.
 40873 | Elf:2    | Found a runed translucent gate.
 40873 | Elf:2    | Found a runed translucent gate.
 41210 | Elf:1    | Found an ancient bone altar of Kikubaaqudgha.
 41315 | Elf:2    | Reached skill level 10 in Necromancy
 41959 | Elf:3    | Entered Level 3 of the Elven Halls
 42658 | Elf:3    | Found Ympiodiru's Armour Boutique.
 43039 | Elf:3    | Learned a level 2 spell: Blink
 43051 | Elf:3    | Noticed a Hell Sentinel
 43053 | Elf:3    | Reached XP level 20. HP: 126/129 MP: 30/32
 43056 | Elf:3    | Reached skill level 1 in Translocations
 43227 | Elf:3    | Noticed a Brimstone Fiend
 43264 | Elf:3    | Learned a level 6 spell: Death Channel
 43465 | Elf:3    | Identified the ring "Luanit" {rElec Will+ Dex+2}
 43471 | Elf:3    | Identified the ring of the Republic {Int+6 SInv}
 43631 | Elf:3    | Identified the ring "Zagroim" {Int+2 SInv}
 43639 | Elf:3    | Noticed an Ice Fiend
 44087 | Vaults:1 | Entered Level 1 of the Vaults
 44308 | Vaults:1 | Paralysed by a formless jellyfish for 1 turns
 44387 | Vaults:1 | Reached skill level 15 in Short Blades
 44416 | Vaults:1 | Found Pisum's Armour Emporium.
 44572 | Vaults:1 | Noticed Nikola
 44577 | Vaults:1 | Killed Nikola
 44815 | Vaults:1 | Found a flickering gateway to a bazaar.
 44850 | Bazaar   | Entered a bazaar
 44850 | Bazaar   | Found Lefaipso's Book Emporium.
 44852 | Bazaar   | Found Oruyrr's Jewellery Shoppe.
 44852 | Bazaar   | Found Paoseucku's Assorted Antiques.
 44855 | Bazaar   | Found Fateot's Armour Shoppe.
 44857 | Bazaar   | Bought a coppery potion for 18 gold pieces
 44857 | Bazaar   | Bought a lumpy cyan potion for 18 gold pieces
 44985 | Vaults:1 | Found Aneohul's General Store.
 45042 | Vaults:1 | Reached skill level 1 in Spellcasting
 45315 | Vaults:1 | Reached skill level 18 in Invocations
 45315 | Vaults:1 | Reached XP level 21. HP: 108/134 MP: 24/34
 45906 | Vaults:2 | Found Qasmixow's Armour Emporium.
 46058 | Vaults:2 | Found a transporter.
 46097 | Vaults:2 | Found a transporter.
 46194 | Vaults:2 | Found Sat Par's Armour Shoppe.
 46202 | Vaults:2 | Identified the +5 dagger of Exceptional Fortitude {freeze,
                  | +Blink rElec rN+ Will-}
 46215 | Vaults:2 | Found Orutol's Antique Weapon Shoppe.
 46460 | Vaults:2 | Found Denanwul's Jewellery Boutique.
 47128 | Vaults:3 | Noticed Donald
 47325 | Vaults:3 | Noticed Zenata
 47327 | Vaults:3 | Killed Zenata
 47422 | Vaults:3 | Killed Donald
 47447 | Vaults:3 | Reached skill level 19 in Invocations
 48201 | Vaults:3 | Identified the +3 robe of the Special Friends {Str+4 Dex+3}
 48201 | Vaults:3 | Noticed Boris
 48222 | Vaults:3 | Killed Boris
 48223 | Vaults:3 | Reached XP level 22. HP: 116/140 MP: 28/35
 48509 | Vaults:3 | Reached skill level 20 in Invocations
 48645 | Vaults:3 | Found a staircase to the Crypt.
 49388 | Vaults:4 | Found a runed translucent door.
 49445 | Vaults:4 | Noticed a golden dragon
 49453 | Vaults:4 | Killed a golden dragon
 50806 | Elf:3    | Learned a level 4 spell: Vhi's Electric Charge
 50806 | Elf:3    | Acquired 977 gold pieces
 50937 | Elf:1    | Bought a ring of protection from cold for 250 gold pieces
 51230 | Slime:1  | Entered Level 1 of the Pits of Slime
 51243 | Slime:1  | Reached skill level 1 in Air Magic
 51489 | Slime:2  | Reached skill level 5 in Translocations
 51494 | Slime:2  | Paralysed by a formless jellyfish for 1 turns
 51912 | Slime:3  | Noticed Dissolution
 51915 | Slime:3  | Killed Dissolution
 51984 | Slime:3  | Reached skill level 5 in Air Magic
 52774 | Slime:5  | Entered Level 5 of the Pits of Slime
 52900 | Slime:5  | Reached XP level 23. HP: 144/144 MP: 37/37
 52981 | Slime:5  | Reached skill level 5 in Spellcasting
 53077 | Slime:5  | Reached skill level 21 in Invocations
 53279 | Slime:5  | Noticed the Royal Jelly
 53288 | Slime:5  | Found a viscous altar of Jiyva.
 53291 | Slime:5  | Killed the Royal Jelly
 54134 | Slime:5  | Identified the +0 helmet of Macaroni {Int+3}
 54137 | Slime:5  | Got a slimy rune of Zot
 54149 | Slime:5  | Identified the +0 pair of gloves of Qubben {rF+ Will- rCorr
                  | Str+3}
 54194 | Slime:5  | Identified the +0 plate armour of the Assorted Eyes {Harm
                  | rCorr Str+5 Dex-3}
 54348 | Slime:5  | Identified the +8 spear of Doors {flame, Will+ Str+5 Dex-2}
 55131 | D:12     | Killed Moumn's ghost
 55366 | Lair:1   | Noticed zenocrate's ghost (journeyman OpEE)
 55370 | Lair:1   | Killed zenocrate's ghost
 55450 | Lair:2   | Got the Catalogue of the Chilly Ground
 56501 | Elf:1    | Reached skill level 15 in Necromancy
 56519 | Elf:1    | Bought a scroll of enchant weapon for 255 gold pieces
 56519 | Elf:1    | Bought a potion of heal wounds for 170 gold pieces
 56731 | Depths:1 | Entered Level 1 of the Depths
 57227 | Depths:1 | Found a one-way gateway to a ziggurat.
 57384 | Depths:1 | Reached XP level 24. HP: 99/150 MP: 29/37
 57829 | Depths:1 | Reached skill level 22 in Invocations
 58031 | Depths:1 | Found a gateway to Hell.
 58235 | Depths:2 | Noticed a golden dragon
 58246 | Depths:2 | Killed a golden dragon
 58457 | Depths:2 | Found a transporter.
 58461 | Depths:2 | Found a transporter.
 58461 | Depths:2 | Noticed Rudyous's ghost (veteran DsCj)
 58472 | Depths:2 | Noticed a golden dragon
 58616 | Depths:3 | Noticed Norris
 58632 | Depths:3 | Killed Norris
 58633 | Depths:3 | Reached skill level 23 in Invocations
 58673 | Depths:3 | Found Xolierghi's Jewellery Shop.
 59186 | Depths:3 | Acquired the +5 rapier "Hiwyss" {venom, rPois rF+ Will+
                  | Dex-2}
 59506 | Depths:3 | Found a one-way gate to the infinite horrors of the Abyss.
 59759 | Depths:3 | Reached skill level 24 in Invocations
 60083 | Depths:4 | Entered Level 4 of the Depths
 60083 | Depths:4 | Noticed Parghit
 60085 | Depths:4 | Killed Parghit
 60511 | Depths:4 | Reached XP level 25. HP: 156/156 MP: 31/39
 60819 | Depths:4 | Reached skill level 15 in Stealth
 61635 | Depths:4 | Identified the +4 great sword of Duty {freeze, rElec Dex+5}
 61648 | Depths:4 | Found a gate to the Realm of Zot.
 62750 | Depths:2 | Noticed the Enchantress
 62762 | Depths:2 | Killed the Enchantress
 62893 | Depths:2 | Found a one-way gate leading to the halls of Pandemonium.
 63981 | Vaults:4 | Noticed Epirepp's ghost (adept DrSh)
 63985 | Vaults:4 | Killed Epirepp's ghost
 64289 | Elf:1    | Bought a potion of invisibility for 144 gold pieces
 64289 | Elf:1    | Bought a potion of heal wounds for 90 gold pieces
 64289 | Elf:1    | Bought a potion of haste for 180 gold pieces
 64289 | Elf:1    | Bought a potion of haste for 180 gold pieces
 64289 | Elf:1    | Bought a potion of curing for 54 gold pieces
 64289 | Elf:1    | Bought a potion of curing for 54 gold pieces
 64623 | Zot:1    | Entered Level 1 of the Realm of Zot
 64918 | Vaults:5 | Entered Level 5 of the Vaults
 65106 | Vaults:5 | Reached XP level 26. HP: 166/166 MP: 34/39
 65139 | Vaults:5 | Learned a level 6 spell: Dispersal
 65144 | Vaults:5 | Learned a level 4 spell: Passage of Golubria
 65370 | Vaults:5 | Reached skill level 10 in Translocations
 65638 | Vaults:5 | Got The Ultimate Guide to Magic
 65645 | Vaults:5 | Found Deabom's Assorted Antiques.
 65650 | Vaults:5 | Bought a scroll of teleportation for 75 gold pieces
 65650 | Vaults:5 | Bought 2 potions of attraction for 150 gold pieces
 65678 | Vaults:5 | Noticed Mennas
 65770 | Vaults:5 | Noticed Bai Suzhen
 65777 | Vaults:5 | Killed Bai Suzhen
 66175 | Vaults:5 | Identified the ring "Wivowk" {rF+ Str+4}
 66369 | Vaults:5 | Killed Mennas
 66917 | Vaults:5 | Got a silver rune of Zot
 66974 | Vaults:5 | Found the +13 sword of the Doom Knight {doom -Cast ^Drain
                  | Will+}
 67763 | Vaults:5 | Found Deabom's Assorted Antiques.
 68455 | Zot:1    | Identified the +1 leather armour of the Flute {rPois rN++}
 68616 | Zot:1    | Reached XP level 27. HP: 173/173 MP: 31/39
 70262 | Zot:2    | Reached skill level 10 in Shields
 70273 | Zot:2    | Acquired 908 gold pieces
 70897 | Zot:3    | Identified the +0 ring mail of Trial and Error {Harm rC-
                  | Str+5 Dex+3}
 71800 | Zot:4    | Found a transporter.
 72298 | Zot:4    | Found a transporter.
 72298 | Zot:4    | Noticed an orb of fire
 72987 | Zot:5    | Entered Level 5 of the Realm of Zot
 73404 | Zot:5    | Noticed a Killer Klown
 73407 | Zot:5    | Killed a Killer Klown
 73440 | Zot:5    | Noticed a Killer Klown
 73444 | Zot:5    | Noticed an orb of fire
 73445 | Zot:5    | Noticed an ancient lich
 73447 | Zot:5    | Noticed a Killer Klown
 73449 | Zot:5    | Killed an orb of fire
 73449 | Zot:5    | Noticed a Killer Klown
 73450 | Zot:5    | Killed an ancient lich
 73450 | Zot:5    | Killed a Killer Klown
 73452 | Zot:5    | Killed a Killer Klown
 73453 | Zot:5    | Noticed an orb of fire
 73459 | Zot:5    | Killed an orb of fire
 73631 | Zot:5    | Noticed a dread lich
 73639 | Zot:5    | Killed a dread lich
 73749 | Zot:5    | Noticed a Killer Klown
 73751 | Zot:5    | Noticed an ancient lich
 73758 | Zot:5    | Killed a Killer Klown
 73760 | Zot:5    | Noticed an ancient lich
 73761 | Zot:5    | Killed an ancient lich
 73781 | Zot:5    | Killed an ancient lich
 73874 | Zot:5    | Noticed an orb of fire
 73890 | Zot:5    | Killed an orb of fire
 74547 | Zot:5    | Killed a Killer Klown
 74616 | Zot:5    | Reached skill level 15 in Shapeshifting
 75814 | Zot:5    | Got the Orb of Zot
 76559 | D:$      | Escaped with the Orb!

Illustrated notes

Levels and vault maps discovered:
D:1:      lightli_iron_boxes, layout_loops_ring
D:2:      layout_basic, nicolae_nh_oracle_at_delphi
D:3:      minmay_wonky_spiral, layout_loops_corners, trog_wizard,
          kennysheep_path_1, kennysheep_potato
D:4:      layout_cave_pods, kb_xom_exploding_sheep
D:5:      layout_loops_corners, nicolae_gozag_cash_rules_everything_around_me,
          minmay_temple_entry_statues_pillars, minmay_quadrilaterals
D:6:      nicolae_cairo_tiling_large, layout_cave_pods,
          nicolae_overflow_two_pavilions, mainiacjoe_overflow_large_starburst,
          minmay_holes
D:7:      layout_cave_pools, nicolae_ossuary_entry_catacombs,
          uniq_crazy_yiuf_cottage
D:8:      cheibrodos_shockbox, layout_gridville, dpeg_oklobed_lair,
          minmay_crystal_water, minmay_parallelograms,
          chequers_serial_rivers_micro_e, nrook_loot_triangle,
          hangedman_glass_teeth
D:9:      wander_river, layout_irregular_city, serial_ice, serial_ice_e,
          serial_ice_a, serial_ice_b, serial_ice_g, uniq_harold
D:10:     minmay_the_grid_3x2 [minmay_the_grid_tri_star,
          minmay_the_grid_aliased_spiral, minmay_the_grid_dragon_b,
          minmay_the_grid_tiny_cups, minmay_the_grid_rooms,
          minmay_the_grid_prize_trominoes], layout_basic, lemuel_doored_altar,
          overflow_temple_1_default, tso_altar, uniq_grum
D:11:     layout_basic, orc_0_dummy, nicolae_dithmenos_shadow_blocks,
          uniq_erica, uniq_lodul, uniq_erolcha
D:12:     minmay_guarded_unrand_guard, layout_loops_ring, gammafunk_ghost_hive,
          kennysheep_another_room, uniq_nergalle
D:13:     minmay_diamond_stairs, layout_rooms, uniq_urug
D:14:     layout_layer_cave, david_vaults_1, lemuel_crystal_altar, serial_shops,
          shop, shop_statue, shop, nicolae_shop_advertising_works
          [nicolae_subvault_shop_adworks], nicolae_the_louvre, uniq_snorg
D:15:     gammafunk_enter_depths_forms, layout_long_grid,
          minmay_misc_feat_enclosed, pond
Temple:   nicolae_temple_ecumenical_triangle
Lair:1:   layout_misc_corridors, ebering_ghost_rock_garden, nzn_sisyphean_effort
Lair:2:   nzn_winding_woodlands_three_and_one
          [nzn_winding_woodlands_5x15_sidewinder,
          nzn_winding_woodlands_5x15_pool, nzn_winding_woodlands_5x15_sawtooth,
          nzn_winding_woodlands_center_pierced_h], layout_chaotic_city,
          spider_nest_entry_web_field, gauntlet_entry_generic
Lair:3:   layout_cave_pods, alex1729_swamp_entry_worm_eleionoma,
          lemuel_fruit_fields
Lair:4:   layout_loops_ring, slime_entry_1, st_stairs_12, serial_bayou_shore_b,
          lemuel_fruit_fields, lemuel_fruit_tree, serial_bayou_shore_a
Lair:5:   hangedman_lair_caniforms_friends, layout_misc_corridors,
          guppyfry_lair_end_dragon, grunt_megastairs_2, uniq_rupert
Swamp:1:  layout_basic_swamp, evilmike_swamp_ruin_house_1, uniq_frances
Swamp:2:  gammafunk_sealed_arena, layout_basic_swamp,
          evilmike_swamp_ruin_rubble_1, nicolae_swamp_decorative_isthmus
Swamp:3:  layout_basic_swamp, evilmike_swamp_ruin_house_5,
          nicolae_swamp_long_stream, infiniplex_staircase_pool, uniq_jorgrun,
          uniq_louise
Swamp:4:  swamp_alternative, layout_basic_swamp
Spider:1: spider_temple_joshua
Spider:2: layout_spider_delve, portal_ice_cave_entry_ice_simulacra
Spider:3: layout_spider_delve
Spider:4: grunt_spider_rune_circles
Slime:1:  layout_caves
Slime:2:  layout_caves
Slime:3:  layout_caves, dissolution_awaits
Slime:4:  layout_caves
Slime:5:  slime_pit_nicolae_royal_road_to_ruin
Orc:1:    layout_caves, ebering_ghost_reflecting_pool, serial_shops, shop,
          nicolae_orc_rockfall
Orc:2:    grunt_orc_tribal_feast, layout_diamond_mine, serial_shops, shop,
          uniq_azrael
Elf:1:    layout_loops_corners, serial_shops, shop, minmay_elf_annihilation,
          minmay_shoptagon, grunt_megastairs_1, lemuel_upstairs_altar
Elf:2:    nicolae_elf_blades_crystal_corner, layout_geoelf_diagonals,
          nicolae_twisting_strands, minmay_shop_grove
Elf:3:    minmay_elf_hall_curves, layout_onion_city, serial_shops, shop
Vaults:1: grunt_vaults_focal, nicolae_vaults_hexular_roomagon,
          nicolae_vaults_little_squares_3, v_misc_27, vaults_mumra_bighexcomb,
          nicolae_vaults_doubleplus_tesselated, nicolae_vaults_little_squares_6,
          ontoclasm_vaults_ligature, nicolae_vaults_double_plus_2,
          nicolae_vaults_double_plus_2, hangedman_vaults_snaps, v_misc_28,
          grunt_vaults_swirl, v_pattern_3, ontoclasm_vaults_loading_screen,
          layout_vaults_maze, serial_shops, bzr_entry_dummy, shop,
          nicolae_shop_pleasant_corner_grove, uniq_nikola
Vaults:2: v_misc_5, lemuel_angel_altar, gammafunk_its_a_trap,
          ontoclasm_vaults_ring_small, nicolae_vaults_sealed_display,
          nicolae_vaults_circle_grid_a, nicolae_vaults_trapezoid_layered,
          nicolae_vaults_tetromino_L_2, serial_ice_g,
          vaults_room_stairs_pillars, layout_vaults_omnigrid, serial_shops,
          nicolae_shop_back_alley_shop, nicolae_shop_hallway_plus, shop, shop
Vaults:3: nicolae_vaults_twisting_passages, ontoclasm_vaults_idyll,
          nicolae_vaults_tetromino_Z_1, vaults_dpeg_doors, v_pattern_2,
          nicolae_vaults_specimen_jars, hangedman_vaults_stream,
          hangedman_vaults_variations, nicolae_vaults_offset_grid_hallway_1,
          v_misc_13, st_lines, grunt_vaults_hallway_short,
          nicolae_vaults_trapezoid_1, nicolae_vaults_diamond_1,
          layout_vaults_big_cross, minmay_crypt_entry_simple_statues,
          uniq_boris, uniq_zenata, uniq_donald
Vaults:4: ebering_ghost_reflecting_pool, ontoclasm_vaults_pinch, v_rooms_3,
          ontoclasm_vaults_tryst, v_misc_13, nicolae_vaults_triangles,
          nicolae_vaults_storage_closets_2, nicolae_vaults_big_ls, v_misc_2,
          nicolae_vaults_apartment_2, nicolae_vaults_little_ls,
          nicolae_vaults_double_plus_1, nicolae_vaults_tetromino_T_1,
          nicolae_vaults_surprise_closet, vaults_dpeg_diagonal,
          layout_vaults_ring
Vaults:5: uniq_mennas, uniq_bai_suzhen
Depths:1: layout_basic, enter_ziggurat_a, pf_coc_iceberg,
          chequers_serial_rivers_room_a, kennysheep_just_a_vault
Depths:2: minmay_connected_boxes_in_corner, layout_cross, gammafunk_ghost_arena,
          rand_demon_pan_entry_8, abyss_entry, grunt_hell_entry_dis_grunt,
          minmay_misc_feat_doors, serial_rivers, chequers_serial_rivers_micro_b,
          chequers_serial_rivers_micro_c, chequers_serial_rivers_large_b,
          chequers_serial_rivers_micro_a, nicolae_twisty_statue_hallways,
          uniq_enchantress
Depths:3: minmay_roctagon, layout_gridlike, serial_shops, nicolae_square_shop,
          serial_sigils, serial_sigils_hangedman_confine,
          serial_sigils_hangedman_shear, serial_sigils_hangedman_scar,
          serial_sigils_hangedman_quiver, grunt_mini_vestibule,
          regret_index_abyss_entry_already_here,
          hangedman_decor_clover_reticule, nrook_kobold_shadow_demons,
          uniq_norris
Depths:4: lemuel_castle_with_subvaults [lemuel_castle_interior_carwin_1],
          layout_honeycomb, serial_rivers, chequers_serial_rivers_small_3,
          chequers_serial_rivers_room_a, chequers_serial_rivers_small_3,
          chequers_serial_rivers_small_3, chequers_serial_rivers_micro_e,
          chequers_serial_rivers_micro_c, hell_entry, uniq_parghit
Zot:1:    layout_misc_corridors
Zot:2:    layout_concentric_octagons
Zot:3:    layout_concentric_octagons, grunt_ministairs_5
Zot:4:    gammafunk_the_bubble [the_bubble_gammafunk_split],
          layout_cathedral_of_symmetry, st_stairs_12, grunt_ministairs_10
Zot:5:    layout_misc_corridors

Skill      XL: |  1  2  3  4  5  6  7  8  9 10 11 12 13 14 15 16 17 18 19 20 21 22 23 24 25 26 27 |
---------------+----------------------------------------------------------------------------------+-----
Stealth        | 2 3 6 7 10 11 14 17 19 20 | 20.0
Unarmed Combat | 4 5 |  5.8
Shapeshifting  | 4 7 10 11 12 13 15 | 15.0
Short Blades   | 2 6 10 12 14 16 20 21 | 21.2
Evocations     | 1 3 5 7 9 10 11 13 15 16 | 16.0
Invocations    | 1 4 7 10 11 17 18 19 20 21 24 | 24.0
Fighting       | 4 5 8 11 12 13 14 15 17 18 20 | 20.0
Dodging        | 5 8 10 11 12 13 14 15 17 18 20 | 20.0
Shields        | 1 4 6 8 12 | 12.5
Necromancy     | 4 8 12 14 15 | 15.0
Translocations | 4 7 8 9 12 13 | 13.7
Spellcasting   | 1 4 6 |  6.0
Air Magic      | 5 8 |  8.0

Action                     |  1- 3 |  4- 6 |  7- 9 | 10-12 | 13-15 | 16-18 | 19-21 | 22-24 | 25-27 || total
---------------------------+-------+-------+-------+-------+-------+-------+-------+-------+-------++-------
  Melee: Unarmed           |   110 |   147 |       |       |       |       |       |       |       ||   257
         Punch             |     2 |     2 |       |       |       |       |       |       |       ||     4
         Short sword       |       |    19 |   288 |   460 |  1098 |  1427 |   518 |       |       ||  3810
         Maw               |       |       |       |       |   396 |   204 |   554 |   826 |  1006 ||  2986
         Quick blade       |       |       |       |       |       |       |   720 |  1672 |  2139 ||  4531
  Throw: Dart              |       |       |     4 |    13 |       |     2 |       |     1 |       ||    20
         Throwing net      |       |       |       |     1 |       |       |       |     1 |     2 ||     4
   Cast: Fugue of the Fall |       |       |       |       |       |     2 |    24 |    42 |    30 ||    98
         Death Channel     |       |       |       |       |       |       |    14 |    43 |    29 ||    86
 Invoke: Stomp             |       |       |       |       |     3 |     3 |     1 |       |     1 ||     8
         Grand Finale      |       |       |       |       |     1 |       |       |     3 |     4 ||     8
         Line Pass         |       |       |       |       |       |       |     1 |       |       ||     1
  Evoke: Wand              |       |       |       |     2 |     1 |    20 |     2 |       |     2 ||    27
         Lightning rod     |       |       |       |       |     5 |     4 |       |       |       ||     9
         Sack of spiders   |       |       |       |       |     1 |     4 |     1 |     1 |     1 ||     8
         Phantom mirror    |       |       |       |       |       |       |       |       |     1 ||     1
    Use: Potion            |       |     1 |       |       |     7 |     6 |     1 |     4 |    11 ||    30
         Scroll            |       |     2 |     7 |     4 |     6 |     9 |    10 |     9 |     8 ||    55
   Stab: Sleeping          |    11 |     2 |    16 |    18 |    34 |    65 |    51 |    36 |    47 ||   280
         Paralysed         |       |       |     8 |    31 |    79 |    79 |    95 |   120 |   121 ||   533
         Distracted        |       |       |       |     3 |     8 |     2 |     6 |    13 |    18 ||    50
         Petrifying        |       |       |       |       |     2 |       |       |       |       ||     2
         Petrified         |       |       |       |       |     1 |     1 |       |       |       ||     2
         Confused          |       |       |       |       |       |     4 |     2 |       |     1 ||     7
         Invisible         |       |       |       |       |       |       |       |     1 |       ||     1
         Held in net/web   |       |       |       |       |       |       |       |       |     1 ||     1
 Armour: Animal skin       |    65 |    12 |       |       |       |       |       |       |       ||    77
         Crystal plate arm |       |   145 |    96 |       |       |       |       |       |       ||   241
         Skin              |       |     4 |       |       |   299 |   219 |   219 |   281 |   304 ||  1326
         Steam dragon scal |       |       |    43 |   125 |    41 |       |       |       |       ||   209
         Swamp dragon scal |       |       |       |       |       |   466 |     1 |       |       ||   467
  Dodge: Dodged            |    91 |    21 |   106 |   263 |   729 |  1195 |   436 |   627 |   817 ||  4285
  Block: Buckler           |       |       |       |       |    90 |   396 |   157 |   219 |   282 ||  1144
         Form:             |       |       |     1 |       |       |     1 |     1 |       |       ||     3
         Maw               |       |       |       |       |     1 |       |     2 |       |       ||     3

Table legend: (Time is in decaauts)
 A = Elapsed time spent in this place.
 B = Non-inter-level travel time spent in this place.
 C = Inter-level travel time spent in this place.
 D = Time resting spent in this place.
 E = Time spent auto-exploring this place.
 F = Levels seen in this place.
 G = Mean time per level.
                   A        B        C        D        E       F      G
               +--------+--------+--------+--------+--------+-----+--------+
         Total |  74189 |  63740 |  10449 |   8649 |  43139 |  55 | 1348.9 |
       Dungeon |  22528 |  18165 |   4363 |   2122 |  13198 |  15 | 1501.9 |
        Temple |     34 |     21 |     13 |      0 |      0 |   1 |   34.0 |
          Lair |   7996 |   6891 |   1105 |   1524 |   4251 |   5 | 1599.2 |
         Swamp |   4679 |   4278 |    401 |   1407 |   1937 |   4 | 1169.8 |
   Spider Nest |   3517 |   3224 |    293 |    635 |   1703 |   4 |  879.2 |
    Slime Pits |   3275 |   3053 |    222 |    265 |   1986 |   5 |  655.0 |
  Orcish Mines |   2939 |   2330 |    609 |    620 |   1237 |   2 | 1469.5 |
   Elven Halls |   5140 |   4244 |    896 |    392 |   2920 |   3 | 1713.3 |
        Vaults |   8933 |   7899 |   1034 |    162 |   6025 |   5 | 1786.6 |
        Depths |   7616 |   6588 |   1028 |    627 |   4601 |   4 | 1904.0 |
           Zot |   7304 |   6823 |    481 |    894 |   5147 |   5 | 1460.8 |
        Bazaar |     16 |     16 |      0 |      0 |      8 |   1 |   16.0 |
       Ossuary |    205 |    205 |      0 |      0 |    123 |   1 |  205.0 |
               +--------+--------+--------+--------+--------+-----+--------+

Top non-repeatable levels by time:
   Zot:5: 2774 daAuts
Depths:4: 2730 daAuts
    D:10: 2664 daAuts
Vaults:5: 2386 daAuts
  Lair:5: 2372 daAuts
   Orc:2: 2112 daAuts
     D:6: 2099 daAuts
   Elf:3: 1947 daAuts
  Lair:2: 1928 daAuts
Depths:2: 1862 daAuts
     D:8: 1850 daAuts
Vaults:2: 1745 daAuts
   Elf:1: 1737 daAuts
    D:11: 1725 daAuts
 Swamp:3: 1701 daAuts
